[Event "Late-Titled-Tuesday-Blitz-January-16-2024"]
[Site "Chess.com"]
[Date "2024.01.16"]
[Round "8"]
[White "AEMEffi"]
[Black "ccccvhhhj"]
[Result "0-1"]
[WhiteElo "2356"]
[BlackElo "2514"]
[TimeControl "180+1"]
[EndTime "15:28:33 PST"]
[Termination "ccccvhhhj won on time"]

1. d4 e5 2. c4 exd4 3. Qxd4 Nc6 4. Qd1 Bc5 5. Nf3 Nf6 6. e3 O-O 7. a3 a5 8. Nc3 d6 9. Be2 Bg4 10. h3 Bh5 11. O-O Re8 12. b3 h6 13. Bb2 Qe7 14. Nd5 Nxd5 15. cxd5 Bxf3 16. Bxf3 Ne5 17. Be2 Ng6 18. Qd3 Qg5 19. e4 Nh4 20. g3 Rxe4 21.
Kh2 Rae8 22. Bg4 Ng6 23. Qc3 Bd4 24. Qxd4 Rxd4 25. Bxd4 Ne5 26. Be2 Qd2 27. Bxe5 Rxe5 28. Bc4 Qd4 29. a4 Qc5 30. Kg2 Qd4 31. Rfe1 Qc3 32.
Rxe5 Qxe5 33. Rd1 Qe4+ 0-1

[Event "Late-Titled-Tuesday-Blitz-January-16-2024"]
[Site "Chess.com"]
[Date "2024.01.16"]
[Round "8"]
[White "M1711"]
[Black "jmpion"]
[Result "0-1"]
[WhiteElo "2648"]
[BlackElo "2542"]
[TimeControl "180+1"]
[EndTime "15:28:34 PST"]
[Termination "jmpion won by checkmate"]

1. d4 Nf6 2. c4 e6 3. g3 d5 4. Bg2 c5 5. cxd5 cxd4 6. dxe6 fxe6 7. Nf3 Nc6 8. O-O Be7 9. Qa4 O-O 10. Rd1 e5 11. Qb3+ Kh8 12. Ng5 Nd5 13. h4 Bxg5 14.
Bxg5 Nf6 15. Nd2 Qe7 16. Rac1 Be6 17. Qa4 h6 18. Bxf6 Qxf6 19. Ne4 Qf7 20. f3 Bd5 21. Nd6 Qg6 22. Nxb7 Ne7 23. g4 h5 24. gxh5 Qg3 25.
Qd7 Nf5 26. Qxd5 Ne3 27. f4 Nxd5 28. Kh1 Qxh4+ 29. Kg1 Qg3 30. Kh1 Ne3 31. Be4 Qh3+ 32. Kg1 Qg3+ 33. Kh1 Ng4 34. h6 Nf2# 0-1

[Event "Late-Titled-Tuesday-Blitz-January-16-2024"]
[Site "Chess.com"]
[Date "2024.01.16"]
[Round "8"]
[White "LUISMIGUELOV"]
[Black "DonJuan_34"]
[Result "1-0"]
[WhiteElo "2197"]
[BlackElo "2403"]
[TimeControl "180+1"]
[EndTime "15:28:34 PST"]
[Termination "LUISMIGUELOV won by resignation"]

1. e3 e5 2. c4 Nf6 3. b3 Nc6 4.
Bb2 g6 5. Nf3 d6 6. d4 exd4 7.
Nxd4 Bg7 8. Nxc6 bxc6 9. Nd2 O-O 10. Be2 a5 11. O-O Re8 12. Bf3 Bd7 13. Qc2 Qb8 14. Ne4 Nxe4 15. Bxg7 Kxg7 16. Bxe4 a4 17. Bd3 Qb6 18.
Qc3+ f6 19. b4 a3 20. Rab1 Be6 21. Rb3 Qa7 22. Rd1 Bf7 23. g3 g5 24. Bf1 Be6 25. Bg2 Bd7 26. Rd3 Re5 27. Rxa3 Qb8 28. Rxa8 Qxa8 29.
a3 Qa4 30. Qb3 Qxb3 31. Rxb3 Re8 32. a4 Ra8 33. a5 Ra7 34. Ra3 Kf7 35. Be4 h6 36.
Kf1 f5 37. Bc2 Kf6 38. Ke2 Ke5 39. Kd3 d5 40. f4+ Kd6 41. Kd4 Be6 42. c5+ Ke7 43. Ke5 gxf4 44. exf4 Rb7 45. Ra4 Rb8 46. a6 Ra8 47. a7 Kd7 48. Bxf5 Bxf5 49. Kxf5 Ke7 50.
Ke5 Kf7 51. f5 Re8+ 52. Kf4 Ra8 53. g4 Kf6 54. h4 d4 55. g5+ Ke7 56. Ke4 Kd7 57.
Kxd4 1-0

[Event "Late-Titled-Tuesday-Blitz-January-16-2024"]
[Site "Chess.com"]
[Date "2024.01.16"]
[Round "8"]
[White "carloseduar100"]
[Black "Matrix3x3a"]
[Result "0-1"]
[WhiteElo "2295"]
[BlackElo "2475"]
[TimeControl "180+1"]
[EndTime "15:28:37 PST"]
[Termination "Matrix3x3a won by checkmate"]

1. d4 Nf6 2. Bg5 d5 3. Nd2 c5 4. Bxf6 gxf6 5. dxc5 Na6 6. Nb3 Nxc5 7. Nxc5 Qa5+ 8. c3 Qxc5 9. e4 dxe4 10. Qa4+ Bd7 11. Qxe4 Bc6 12. Qd3 Rd8 13. Qg3 h5 14. Nf3 h4 15.
Qf4 h3 16. Qe3 Qd5 17. a3 Bh6 18. Qe2 hxg2 19. Bxg2 Rg8 20. Rg1 Rd6 21. c4 Qxf3 22. Rd1 Rxd1+ 23. Qxd1 Qxd1+ 24. Kxd1 Rxg2 25. Rxg2 Bxg2 26. b4 Bf3+ 27. Kc2 e5 28. Kb3 Kd7 29. a4 Kc7 30.
a5 b6 31. axb6+ axb6 32. c5 Bb7 33. Kc4 bxc5 34. bxc5 Bc6 35. Kd3 Bf4 36. h4 Kd7 37.
Kc4 Ke6 38. h5 f5 39. Kb4 Kd5 40. f3 Bh6 41. Ka5 Kxc5 42. f4 Bf3 43. fxe5 Kd5 44. Kb4 Ke6 45. Kc3 Bxh5 46. Kd3 Bg6 47. Ke2 Bg7 48. Kf2 Bxe5 49. Ke2 f4 50. Kf2 Kf5 51. Ke2 Ke4 52. Kf2 f5 53. Ke2 f3+ 54. Kf2 Kf4 55. Kf1 Bf7 56. Kf2 Bd5 57. Kf1 Be4 58. Kf2 Bd4+ 59. Kf1 Ke3 60. Ke1 Bd3 61. Kd1 Bc3 62.
Kc1 f2 63. Kd1 f1=Q# 0-1

[Event "Late-Titled-Tuesday-Blitz-January-16-2024"]
[Site "Chess.com"]
[Date "2024.01.16"]
[Round "8"]
[White "Sargsyan_Shant"]
[Black "Jagerrmeisterr"]
[Result "1-0"]
[WhiteElo "2887"]
[BlackElo "2720"]
[TimeControl "180+1"]
[EndTime "15:28:38 PST"]
[Termination "Sargsyan_Shant won by resignation"]

1. c4 f5 2. g3 Nf6 3. d4 g6 4.
Bg2 Bg7 5. Nc3 O-O 6. Nh3 d6 7. d5 e5 8. dxe6 c6 9. Nf4 Qe7 10. Qc2 Na6 11. O-O Bxe6 12. Nxe6 Qxe6 13. b3 Nb4 14.
Qd2 Ne4 15. Nxe4 fxe4 16. Qxb4 Bxa1 17. Qxb7 Rae8 18. Bh6 Rf7 19. Qxc6 Bd4 20. e3 Bc5 21. h4 g5 22. Bxg5 h6 23. Bf4 Kh8 24.
Kh2 a5 25. Bh3 Qe7 26. Bxh6 Rg8 27. Bf4 Rg6 28. Qd5 Kg8 29. Bg2 Re6 30. Bh3 Rg6 31. Qh5 Rfg7 32. Rd1 Rf6 33. Qd5+ Kh8 34. Rd2 Rxf4 35. exf4 e3 36. Re2 Qf6 37. fxe3 Qg6 38.
Qf3 Qd3 39. Be6 Rh7 40. Kg2 Qg6 41. Qa8+ Kg7 42. Qg8+ Kh6 43. Qxg6+ Kxg6 44. Kf3 Kf6 45. Bd5 a4 46. bxa4 Ra7 47. g4 Rxa4 48. g5+ Ke7 49. h5 1-0

[Event "Late-Titled-Tuesday-Blitz-January-16-2024"]
[Site "Chess.com"]
[Date "2024.01.16"]
[Round "8"]
[White "Perecke"]
[Black "Rodalquilar"]
[Result "0-1"]
[WhiteElo "2547"]
[BlackElo "2728"]
[TimeControl "180+1"]
[EndTime "15:28:40 PST"]
[Termination "Rodalquilar won by resignation"]

1. e4 d5 2. exd5 Qxd5 3. Nc3 Qa5 4.
Bc4 Nf6 5. d3 Bg4 6. Ne2 Nc6 7. h3 Bd7 8. Be3 e6 9. Qd2 Bc5 10.
O-O-O O-O-O 11. Ne4 Nxe4 12. dxe4 Qxd2+ 13. Kxd2 Be8+ 14.
Bd3 Bb4+ 15. c3 Ne5 16. Kc2 Nxd3 17. Rxd3 Rxd3 18. Kxd3 Be7 19. Kc2 Ba4+ 20. b3 Bc6 21. f3 h5 22. Nd4 Be8 23. a4 h4 24. e5 Rh5 25. f4 g5 26. Rf1 gxf4 27. Bxf4 a6 28. Kd3 Rh7 29. Nf3 Bc6 30. Rf2 Rg7 31.
Ke3 Bc5+ 32. Nd4 Bxg2 33. Bh6 Rg6 34. Kf4 Bxh3 35. Bg5 Bf5 36. Nxf5 Bxf2 37. Ne7+ Kd7 38. Nxg6 fxg6 39. Kg4 b5 40. axb5 axb5 41. Bxh4 Bxh4 42. Kxh4 Kc6 43. c4 bxc4 44. bxc4 Kc5 45. Kg5 Kxc4 46. Kxg6 Kd5 0-1

[Event "Late-Titled-Tuesday-Blitz-January-16-2024"]
[Site "Chess.com"]
[Date "2024.01.16"]
[Round "8"]
[White "Petukhov_Dmitry"]
[Black "Arifarsky"]
[Result "0-1"]
[WhiteElo "2545"]
[BlackElo "2718"]
[TimeControl "180+1"]
[EndTime "15:28:40 PST"]
[Termination "Arifarsky won by resignation"]

1. e4 c6 2. d4 d5 3. Nd2 dxe4 4. Nxe4 Bf5 5. Ng3 Bg6 6. Nf3 Nd7 7. h4 h6 8. h5 Bh7 9. Bd3 Bxd3 10. Qxd3 e6 11. Bd2 Ngf6 12. O-O-O Qc7 13. Ne4 O-O-O 14.
Kb1 c5 15. dxc5 Nxc5 16. Nxc5 Rxd3 17. Nxd3 Bd6 18. Nd4 a6 19. Rh3 Rd8 20. Nc1 Kb8 21. Rb3 Bc5 22. Bf4 Bd6 23. Rc3 Qe7 24. Be3 Nd5 25. Rb3 Ka8 26. Bd2 Bc5 27. Nf3 Bxf2 28. Nd3 Ba7 29. Nde5 Qc7 30. Rf1 f6 31. Ng6 e5 32.
Bc1 e4 33. Nd2 e3 34. Nf3 Rc8 35. c3 Qc4 36. Re1 Qg4 37. c4 Qxh5 38. cxd5 Qxg6+ 39. Ka1 Qxg2 40. Nh4 Qf2 41. Rh1 e2 42. Bd2 Qf1+ 0-1

[Event "Late-Titled-Tuesday-Blitz-January-16-2024"]
[Site "Chess.com"]
[Date "2024.01.16"]
[Round "8"]
[White "SergioMoralesG"]
[Black "pr1105"]
[Result "1-0"]
[WhiteElo "2469"]
[BlackElo "2277"]
[TimeControl "180+1"]
[EndTime "15:28:41 PST"]
[Termination "SergioMoralesG won by resignation"]

1. d4 Nf6 2. c4 e6 3. Nf3 d5 4. Nc3 c5 5. e3 a6 6. a3 Nc6 7.
dxc5 Bxc5 8. b4 Be7 9. Qc2 O-O 10. Bb2 dxc4 11. Rd1 Qc7 12. Bxc4 Nxb4 13. Qb3 Nc6 14.
Qa2 b5 15. Bd3 b4 16. Ne4 Nd5 17. O-O a5 18. Ng3 bxa3 19. Bxg7 Kxg7 20. Nh5+ Kg8 21.
Bxh7+ Kxh7 22. Qc2+ f5 23. e4 Ndb4 24. Qc3 e5 25. exf5 Bxf5 26. Rfe1 a2 27. Nxe5 Rad8 28. Nxc6 Bf6 29. Nxf6+ Rxf6 30. Qxf6 Rxd1 31. Qxf5+ Kg7 32. Rxd1 Qxc6 33. Rd7+ Qxd7 34. Qxd7+ Kf6 35. Qd4+ Ke6 36. h4 1-0

[Event "Late-Titled-Tuesday-Blitz-January-16-2024"]
[Site "Chess.com"]
[Date "2024.01.16"]
[Round "8"]
[White "Aguiar94"]
[Black "Zampronha1971"]
[Result "0-1"]
[WhiteElo "2490"]
[BlackElo "2321"]
[TimeControl "180+1"]
[EndTime "15:28:41 PST"]
[Termination "Zampronha1971 won by resignation"]

1. e4 c5 2. Nf3 e6 3. d4 cxd4 4. Nxd4 Nc6 5. Nc3 Qc7 6. Ndb5 Qb8 7. Be3 a6 8. Bb6 axb5 9. Nxb5 Bb4+ 10. c3 Ba5 11. Nd6+ Kf8 12. Bc5 Nge7 13. Qh5 Nd8 14. Qh4 Ndc6 15. Qh5 Nd8 16. Rd1 b6 17. Be3 b5 18.
Bxb5 Bc7 19. Bc5 Ndc6 20. a4 Bxd6 21. Rxd6 Kg8 22. O-O Ba6 23. Rxd7 Bxb5 24. axb5 Qxb5 25.
Bxe7 Qxh5 26. Bd6 h6 27. Rc7 Qb5 28. b4 Ra6 29. h3 Kh7 30. Rxf7 Rd8 31. Bc5 Ra2 32.
g4 Rda8 33. h4 Ra1 34. Rxa1 Rxa1+ 35. Kh2 Qd3 36. f3 Qe2+ 37. Kg3 e5 38. g5 hxg5 39. hxg5 Kg6 40. Rf5 Ra2 0-1

[Event "Late-Titled-Tuesday-Blitz-January-16-2024"]
[Site "Chess.com"]
[Date "2024.01.16"]
[Round "8"]
[White "Quattroporte300"]
[Black "secretsuperstar7"]
[Result "0-1"]
[WhiteElo "2418"]
[BlackElo "2506"]
[TimeControl "180+1"]
[EndTime "15:28:42 PST"]
[Termination "secretsuperstar7 won on time"]

1. e4 c5 2. Nc3 Nc6 3. Bb5 Nd4 4.
Bc4 g6 5. Nge2 Bg7 6. Nxd4 cxd4 7. Qf3 e6 8. Nb5 d6 9. c3 dxc3 10. bxc3 a6 11. Nd4 Ne7 12. O-O O-O 13. d3 b5 14. Bb3 Bb7 15. Bg5 Rc8 16. Rac1 Qd7 17. Qe3 Nc6 18. Nxc6 Qxc6 19. c4 b4 20. f4 Qc5 21. Qxc5 dxc5 22. Kf2 f6 23. Bh4 Rfd8 24. Ke2 Rd7 25. Ba4 Rd6 26. Bf2 Rdd8 27. Be3 Bc6 28. Bxc6 Rxc6 29. g4 a5 30. f5 exf5 31. gxf5 g5 32.
h4 h6 33. hxg5 hxg5 34. e5 fxe5 35. Bxg5 Rf8 36. Rf3 Kf7 37. f6 Bxf6 38. Rh1 Rg8 39. Bxf6 Rxf6 40. Rh7+ Ke6 41. Rxf6+ Kxf6 42. Rc7 Rg2+ 43.
Ke3 Rxa2 44. Rxc5 b3 45. Rb5 a4 46. d4 exd4+ 47. Kxd4 Ke6 48. Rb6+ Kd7 49. Kc3 Rc2+ 50. Kd3 Rc1 51. Rb4 Kc6 52. Kd2 Ra1 53. Kc3 Ra2 54. Rb8 Rc2+ 55. Kd3 Kc5 56. Rb5+ Kc6 57. Rb8 Rc1 58. Ra8 b2 0-1

[Event "Late-Titled-Tuesday-Blitz-January-16-2024"]
[Site "Chess.com"]
[Date "2024.01.16"]
[Round "8"]
[White "sansanathalia"]
[Black "IraZyne"]
[Result "1-0"]
[WhiteElo "2370"]
[BlackElo "2247"]
[TimeControl "180+1"]
[EndTime "15:28:42 PST"]
[Termination "sansanathalia won by resignation"]

1. e4 Nf6 2. e5 Nd5 3. c4 Nb6 4. d4 d6 5. exd6 exd6 6. Nc3 Be7 7. Nf3 Bg4 8. Be2 O-O 9. O-O c6 10. Be3 Bxf3 11. gxf3 d5 12. c5 Nc8 13. Kh1 Bf6 14.
Rg1 Nd7 15. Bd3 g6 16. Qf1 Re8 17. Re1 Nf8 18. Qh3 Ne7 19. f4 Bg7 20. f5 Qd7 21. Rg2 Nxf5 22. Bxf5 Qxf5 23. Qxf5 gxf5 24. Reg1 Ng6 25.
h4 h5 26. Rg5 f4 27. Bxf4 Bxd4 28. Rxh5 Bxf2 29. Rg2 Bxc5 30. Rf5 Re1+ 31. Kh2 Kf8 32. Rxg6 Rf1 33. Bh6+ Ke8 34. Rg8+ Kd7 35. Rxf1 Rxg8 36. Rxf7+ Ke6 37. Rf1 Bd6+ 38. Kh1 Rg4 39. Bg5 d4 40. Re1+ Kf5 41. Rf1+ Ke6 42. Nd1 Kd5 43. Bf6 c5 44. h5 Bf4 45. Nf2 Rg3 46. Bh4 Rf3 47.
Kg2 Re3 48. Nh3 Be5 49. h6 d3 50. h7 d2 51. Rd1 Re2+ 52. Kf3 Rh2 53. Kg4 b5 54.
Bg5 c4 55. Bxd2 Ke4 56. Re1+ 1-0

[Event "Late-Titled-Tuesday-Blitz-January-16-2024"]
[Site "Chess.com"]
[Date "2024.01.16"]
[Round "8"]
[White "Nouali_Mohamed"]
[Black "topce"]
[Result "1-0"]
[WhiteElo "2537"]
[BlackElo "2364"]
[TimeControl "180+1"]
[EndTime "15:28:43 PST"]
[Termination "Nouali_Mohamed won by checkmate"]

1. e4 e6 2. d4 d5 3. Nc3 Nf6 4.
Bg5 dxe4 5. Nxe4 Be7 6. Bxf6 Bxf6 7. Nf3 g6 8. c3 Bg7 9. Bd3 b6 10. Qe2 Bb7 11. h4 h6 12. O-O-O Qd5 13. Kb1 Qa5 14.
Ned2 O-O 15. Nc4 Qh5 16. Nce5 Bxe5 17. dxe5 Bxf3 18. gxf3 Nc6 19. Be4 Nxe5 20. Bxa8 Rxa8 21. Qe4 Rf8 22. f4 Ng4 23. Qf3 Qf5+ 24. Ka1 h5 25. Rhe1 Qf6 26. Qg3 a5 27. f3 Nh6 28. Qg5 Qg7 29.
Rd7 Nf5 30. Rxc7 Rd8 31. Qxd8+ Kh7 32. Rd1 b5 33. Rdd7 Nh6 34. Qe8 b4 35. Rxf7 Nxf7 36. Rxf7 bxc3 37. Rxg7+ Kxg7 38. Qe7+ Kh6 39. bxc3 a4 40.
Qf7 a3 41. Qg8 e5 42. Qh8# 1-0

[Event "Late-Titled-Tuesday-Blitz-January-16-2024"]
[Site "Chess.com"]
[Date "2024.01.16"]
[Round "8"]
[White "SEBAZZANO"]
[Black "shirovin"]
[Result "1-0"]
[WhiteElo "2219"]
[BlackElo "1998"]
[TimeControl "180+1"]
[EndTime "15:28:44 PST"]
[Termination "SEBAZZANO won on time"]

1. d4 Nf6 2. Bf4 g6 3. Nc3 d5 4.
e3 a6 5. h4 h5 6. Nf3 Bg7 7.
Ne5 O-O 8. Be2 Nbd7 9. f3 c5 10.
Qd2 c4 11. g4 e6 12. Bg5 Qa5 13. Nxd7 Nxd7 14. gxh5 b5 15. hxg6 fxg6 16. e4 b4 17. Nd1 dxe4 18. fxe4 Bb7 19. Nf2 c3 20. bxc3 bxc3 21. Qe3 Rac8 22. Bh6 Nf6 23. Rg1 Kh7 24. Bxg7 Kxg7 25. e5 Nh7 26. Bd3 Rf5 27. Bxf5 exf5 28. Nd3 Qd8 29. Qg3 Rc6 30. Qf4 Rc4 31. h5 Rxd4 32. Rxg6+ Kh8 33. Qh6 Re4+ 34. Kd1 Qd7 35. Rb1 Bd5 36. Rb8+ 1-0

[Event "Late-Titled-Tuesday-Blitz-January-16-2024"]
[Site "Chess.com"]
[Date "2024.01.16"]
[Round "8"]
[White "Verony64"]
[Black "Brahianzevich"]
[Result "0-1"]
[WhiteElo "2204"]
[BlackElo "2437"]
[TimeControl "180+1"]
[EndTime "15:28:46 PST"]
[Termination "Brahianzevich won by resignation"]

1. e4 c5 2. Nc3 a6 3. d3 b5 4. g3 Bb7 5. Bg2 e6 6. f4 d5 7. e5 Nh6 8. Nce2 Nf5 9. c3 Nc6 10. d4 Qb6 11. Nf3 Be7 12. O-O h5 13. Kh1 g6 14. Bh3 cxd4 15. cxd4 Rc8 16. Bxf5 gxf5 17.
h4 b4 18. Be3 a5 19. Neg1 Ba6 20. Rf2 Bc4 21. Nh3 b3 22. a3 a4 23. Nhg5 Ba6 24. Rc1 Na5 25. Rxc8+ Bxc8 26. Nd2 Ba6 27. Qc1 Bxg5 28.
fxg5 Kd7 29. Qd1 Bd3 30. Kh2 Qb5 31. Nb1 Bc2 32. Qe1 Nc4 33. Bc1 Qb6 34. Rf4 Bxb1 35.
Qf2 Be4 36. Bd2 Nxd2 37. Qxd2 Rc8 38. Rf2 Rc2 39. Qe3 Qc6 40. Kh3 Rxf2 41. Qxf2 Qc2 42. Qf1 Qd3 43. Qxd3 Bxd3 44. g4 fxg4+ 45. Kg3 Bf5 46.
Kf4 Kc6 47. g6 Bxg6 48. Kg3 Kb5 49. Kf4 Kc4 50. Kg3 Kxd4 0-1

[Event "Late-Titled-Tuesday-Blitz-January-16-2024"]
[Site "Chess.com"]
[Date "2024.01.16"]
[Round "8"]
[White "ikhasu"]
[Black "Viktor_Poddubnyi"]
[Result "1-0"]
[WhiteElo "2411"]
[BlackElo "2257"]
[TimeControl "180+1"]
[EndTime "15:28:46 PST"]
[Termination "ikhasu won on time"]

1. d4 g6 2. e4 Bg7 3. Nf3 d6 4. Bc4 Nf6 5. Qe2 Nc6 6. h3 O-O 7. e5 dxe5 8. dxe5 Nd7 9. e6 fxe6 10. Bxe6+ Kh8 11. O-O Rxf3 12. Qxf3 Nd4 13. Qe3 Nxc2 14. Qd3 Nxa1 15. Nc3 Qe8 16. Qe2 Nb6 17. Bxc8 Rxc8 18.
Be3 Nb3 19. axb3 e5 20. Re1 Qe6 21. b4 Qc4 22. Bc5 Qxe2 23. Rxe2 Rd8 24. Nb5 Nd5 25. Nxa7 b6 26. Nc6 Re8 27. Be3 Nxe3 28. Rxe3 Kg8 29. Kf1 Kf7 30. Ke2 Ke6 31. b5 Kd5 32. f4 Re6 33.
fxe5 Bxe5 34. Kd3 Bxb2 35. Nb4+ Kd6 36. Rf3 Be5 37. Kc4 h5 38. Nc6 h4 39. Rd3+ 1-0

[Event "Late-Titled-Tuesday-Blitz-January-16-2024"]
[Site "Chess.com"]
[Date "2024.01.16"]
[Round "8"]
[White "NovakRatko"]
[Black "jup1978"]
[Result "1-0"]
[WhiteElo "2337"]
[BlackElo "2473"]
[TimeControl "180+1"]
[EndTime "15:28:47 PST"]
[Termination "NovakRatko won on time"]

1. d4 Nf6 2. c4 e6 3. a3 b5 4.
cxb5 a6 5. e3 d5 6. Nc3 Bd6 7.
f3 O-O 8. e4 dxe4 9. fxe4 e5 10. d5 Ng4 11. Nf3 f5 12. Bg5 Qe8 13. h3 Qh5 14.
hxg4 Qxh1 15. gxf5 g6 16. fxg6 Bg4 17. gxh7+ Kh8 18. Qe2 axb5 19. Nxb5 Bb4+ 20. Bd2 Bxd2+ 21. Kxd2 Na6 22. Rc1 Rab8 23. a4 Qh6+ 24. Qe3 Qxh7 25. Be2 Nb4 26. Ng5 Qg6 27. Rh1+ Kg8 28. Bxg4 Rf4 29.
Be6+ Kf8 30. Rh8+ Kg7 31. Rxb8 Kf6 32. Nf3 Qxg2+ 33. Qe2 Qxf3 34. Rf8+ Ke7 35. Qxf3 Rxf8 36. Qg3 1-0

[Event "Late-Titled-Tuesday-Blitz-January-16-2024"]
[Site "Chess.com"]
[Date "2024.01.16"]
[Round "8"]
[White "Bkmzzzzz"]
[Black "Bryanl106"]
[Result "1-0"]
[WhiteElo "2406"]
[BlackElo "2571"]
[TimeControl "180+1"]
[EndTime "15:28:48 PST"]
[Termination "Bkmzzzzz won by resignation"]

1. e4 e5 2. Nf3 Nc6 3. Nc3 Nf6 4.
d4 exd4 5. Nxd4 Bb4 6. Nxc6 bxc6 7. Bd3 d5 8. exd5 O-O 9. O-O cxd5 10. Bg5 Be7 11.
Bxf6 Bxf6 12. Nxd5 Bxb2 13. Rb1 Ba3 14. Qh5 h6 15. Rfd1 Bd6 16. Be4 Bd7 17. c4 Rb8 18. Rb3 Rxb3 19. axb3 Be6 20. Nf4 Bxf4 21. Rxd8 Rxd8 22. g3 Bg5 23. h4 Bf6 24. Qc5 Rd2 25. Qxa7 g6 26. Qxc7 Kg7 27. Qf4 Rb2 28. Qf3 Bd4 29. Bd5 Bf5 30. Kg2 h5 31. Qf4 Bf6 32. Qe3 Bc2 33. c5 Bf5 34. c6 Rc2 35. Qe8 Bd4 36.
Qxf7+ Kh6 37. Qf8+ Kh7 38. Bg8+ Kh8 39. Be6+ Kh7 40.
Qf7+ Kh6 41. Qf8+ Kh7 42. Qe7+ Kh6 43. Qg5+ Kh7 44. Bxf5 Rxf2+ 45. Kh3 Rxf5 46. Qe7+ Kh6 47. c7 Rf1 48. c8=Q Rh1+ 49. Kg2 Rg1+ 50. Kf3 Rf1+ 51.
Ke2 Rf2+ 52. Kd3 Rf3+ 53. Kxd4 Rf8 1-0

[Event "Late-Titled-Tuesday-Blitz-January-16-2024"]
[Site "Chess.com"]
[Date "2024.01.16"]
[Round "8"]
[White "jcibarra"]
[Black "karinachess1"]
[Result "1-0"]
[WhiteElo "2874"]
[BlackElo "2629"]
[TimeControl "180+1"]
[EndTime "15:28:49 PST"]
[Termination "jcibarra won on time"]

1. e4 e5 2. Nf3 Nc6 3. d4 exd4 4. Nxd4 Bc5 5. Nb3 Bb6 6. Qe2 d6 7. Nc3 Nf6 8. Be3 O-O 9. O-O-O Re8 10. f3 d5 11. Bg5 d4 12. Nd5 Be6 13. Nxf6+ gxf6 14. Bh6 a5 15. Qe1 Kh8 16. a3 a4 17. Nd2 Ne5 18.
Qh4 Rg8 19. f4 Ng4 20. f5 Ba2 21. Bc4 Bxc4 22. Nxc4 Nxh6 23. Qxh6 Bc5 24. e5 b5 25.
Nd2 fxe5 26. Ne4 Bf8 27. Qh5 f6 28. Rd3 c5 29. g4 c4 30. Rh3 Rg7 31. g5 Be7 32.
Qh6 Ra6 33. Rg1 Qf8 34. Rg4 b4 35. axb4 c3 36. bxc3 a3 37. Kb1 a2+ 38. Ka1 Bxb4 39. gxf6 1-0

[Event "Late-Titled-Tuesday-Blitz-January-16-2024"]
[Site "Chess.com"]
[Date "2024.01.16"]
[Round "8"]
[White "Polish_fighter3000"]
[Black "Sebastian"]
[Result "0-1"]
[WhiteElo "3092"]
[BlackElo "3002"]
[TimeControl "180+1"]
[EndTime "15:28:50 PST"]
[Termination "Sebastian won on time"]

1. e4 e5 2. Nf3 Nc6 3. Bb5 Nf6 4. d3 Bc5 5. Bxc6 dxc6 6. O-O Bd6 7.
Bg5 h6 8. Bh4 g5 9. Bg3 Be6 10.
Nxe5 h5 11. h3 Rg8 12. Nd2 h4 13. Bh2 g4 14. hxg4 Nxg4 15. f4 Bxe5 16. Nf3 Bd4+ 17. Kh1 Ne3 18. Qe2 Rxg2 19. Rf2 h3 20. f5 Nxf5 21. Rxg2 hxg2+ 22. Qxg2 Ne7 23. c3 Bf6 24. Rf1 Qxd3 25. Ne1 Qd1 26. Nc2 Qh5 27. Rxf6 O-O-O 28. Nd4 c5 29. Nxe6 fxe6 30. Rf1 Nc6 31. Qg3 e5 32. Qf3 Qh6 33. Qg4+ Kb8 34. Rf2 b6 35. Kg2 Kb7 36.
Bg3 Rh8 37. Rf1 Qd2+ 38. Bf2 Ne7 0-1

[Event "Late-Titled-Tuesday-Blitz-January-16-2024"]
[Site "Chess.com"]
[Date "2024.01.16"]
[Round "8"]
[White "enriquetejedor"]
[Black "Fandorine"]
[Result "0-1"]
[WhiteElo "2757"]
[BlackElo "2963"]
[TimeControl "180+1"]
[EndTime "15:28:50 PST"]
[Termination "Fandorine won by resignation"]

1. c4 g6 2. Nf3 Bg7 3. Nc3 d6 4. g3 Nf6 5. Bg2 O-O 6. O-O c5 7. Rb1 Nc6 8. d3 Qd7 9. a3 b6 10. b4 Bb7 11. Bb2 Rfd8 12. b5 Ne5 13. Nxe5 dxe5 14.
Bxb7 Qxb7 15. Qc2 h5 16. e4 h4 17. h3 Qd7 18. g4 Qxd3 19. Qxd3 Rxd3 20. Rbd1 Rxh3 21. Kg2 Rxc3 22. Bxc3 Nxe4 23. Bb2 Nd6 24. Rc1 g5 25. a4 a5 26. Rfe1 e4 27. Bxg7 Kxg7 28.
Red1 f6 29. Rd5 Kf7 30. Kf1 Rh8 31. Rcd1 Nxc4 32. Rd8 Rxd8 33. Rxd8 Nb2 34. Ke2 Nxa4 35. Rb8 Nc3+ 36. Kd2 Nd5 37. Rd8 Ke6 38. Rb8 Ke5 39. Rd8 e6 40. Rb8 Kf4 41. Re8 Kxg4 42.
Rxe6 Kf5 43. Rd6 Ke5 44. Rd8 h3 45. Rh8 g4 46. Rh5+ f5 47. Rh8 a4 48. Ke2 a3 49.
Kf1 a2 50. Ra8 Nc3 51. Kg1 Kd4 52. Kh2 Kc4 53. Kg3 Kb3 0-1

[Event "Late-Titled-Tuesday-Blitz-January-16-2024"]
[Site "Chess.com"]
[Date "2024.01.16"]
[Round "8"]
[White "Balla_Tamas"]
[Black "Lion-Al-Messi"]
[Result "1/2-1/2"]
[WhiteElo "2454"]
[BlackElo "2601"]
[TimeControl "180+1"]
[EndTime "15:28:50 PST"]
[Termination "Game drawn by repetition"]

1. e4 c5 2. c3 Nf6 3. e5 Nd5 4. d4 cxd4 5. Nf3 d6 6. cxd4 Nc6 7. Bc4 e6 8. O-O Be7 9. Qe2 O-O 10. Rd1 Nb6 11.
Bd3 Nb4 12. Nc3 Nxd3 13. Qxd3 d5 14. Bf4 Bd7 15. Rac1 Rc8 16. Nb5 Bxb5 17. Qxb5 Qd7 18. Qd3 Rxc1 19. Rxc1 Rc8 20. Rxc8+ Qxc8 21. h3 Qc4 22.
Qb1 a5 23. Bg5 Bf8 24. b3 Qe2 25. Be3 h6 26. Bd2 Qb5 27. Qc2 a4 28. Qc7 Qc6 29. Qb8 a3 30. Bb4 Nd7 31. Qa8 Qc1+ 32. Kh2 Qf4+ 33.
Kg1 Qc1+ 34. Kh2 Qb2 35. Bd6 Qxa2 36. Qe8 Qxb3 37. Qxd7 a2 38. Qe8 a1=Q 39. Qxf8+ Kh7 40. Qxf7 Qc2 41. Ng5+ hxg5 42. Qh5+ Kg8 43. Qe8+ Kh7 44. Qh5+ Kg8 45. Qe8+ Kh7 46. Qh5+ 1/2-1/2

[Event "Late-Titled-Tuesday-Blitz-January-16-2024"]
[Site "Chess.com"]
[Date "2024.01.16"]
[Round "8"]
[White "alexrustemov"]
[Black "ozates"]
[Result "1-0"]
[WhiteElo "2856"]
[BlackElo "2603"]
[TimeControl "180+1"]
[EndTime "15:28:53 PST"]
[Termination "alexrustemov won by resignation"]

1. d4 Nf6 2. c4 e6 3. Nf3 d5 4.
cxd5 exd5 5. Nc3 c6 6. Bf4 Bf5 7. e3 Bd6 8. Bxd6 Qxd6 9. Nh4 Be6 10. Bd3 Nbd7 11. h3 a5 12. Nf3 O-O 13. O-O Rfe8 14. Qc2 c5 15. dxc5 Nxc5 16. Nd4 Bd7 17. Rfd1 Rac8 18.
Qe2 Qe5 19. Rac1 h6 20. Bb1 Qg5 21. Qf3 Nce4 22. Nce2 Rxc1 23. Rxc1 Nd2 24. Qf4 Nc4 25. b3 Nd2 26. Bd3 Qh5 27. Ng3 Qg5 28. Qxg5 hxg5 29. Rc7 Rc8 30. Rxb7 Rc1+ 31. Kh2 g4 32. h4 g6 33. Ra7 a4 34. bxa4 Ra1 35. Bb5 Bf5 36. Ndxf5 gxf5 37. a5 Rxa2 38. a6 Nfe4 39. Nxe4 Nxe4 40.
Ra8+ Kg7 41. a7 Rxf2 42. Rg8+ Kxg8 43. a8=Q+ Kg7 44. Qa1+ Kh7 45. Bd3 g3+ 46. Kh3 Rd2 47. Bxe4 dxe4 1-0

[Event "Late-Titled-Tuesday-Blitz-January-16-2024"]
[Site "Chess.com"]
[Date "2024.01.16"]
[Round "8"]
[White "tactic"]
[Black "Ekko_li"]
[Result "0-1"]
[WhiteElo "2538"]
[BlackElo "2709"]
[TimeControl "180+1"]
[EndTime "15:28:54 PST"]
[Termination "Ekko_li won by resignation"]

1. e4 d6 2. d4 Nf6 3. Bd3 g6 4. f3 Bg7 5. c4 c5 6. Be3 cxd4 7. Bxd4 Nc6 8. Bc3 O-O 9. Ne2 Qb6 10. Qb3 Qe3 11. Bd2 Qb6 12. Na3 Nd7 13. Bc3 Nc5 14. Qxb6 axb6 15. Kd2 f5 16. Ng3 Bh6+ 17. Kc2 e5 18. Nb5 Rd8 19. Nc7 Rb8 20. Nd5 Be6 21. exf5 Nxd3 22. fxe6 Nf4 23. e7 Rdc8 24. Nxb6 Re8 25. Nd7 Nxg2 26. Nxb8 Nxb8 27. Ne4 Rxe7 28. Nxd6 Ne3+ 29. Kb3 Rd7 30. Ne4 Kf7 31. Bxe5 Nc6 32. Bc3 Rd3 33. Rhe1 Nd4+ 34. Ka4 Ndc2 35. Nc5 Rd8 36. Nxb7 Rb8 37. Nd6+ Ke6 38. Rxe3+ Bxe3 39. Rc1 Bxc1 40. Ne4 Bxb2 41. Nc5+ Kf5 42. Ba5 Ra8 43. Kb5 Nd4+ 44. Kb6 Nxf3 45. Nd7 Bd4+ 46. Kb5 Ne5 47. Nb6 Bxb6 48. Bxb6 Rxa2 49. h4 Rb2+ 50. Kc5 Nd7+ 51. Kd6 Nxb6 52. c5 Nc8+ 53. Kc7 Ne7 54. Kd7 Kf6 0-1